AoeStats
← waLLefps.

Arena

507371811Analyzed
1v1 RM · 14d ago on Sep 17, 2026· 34m 24s· 2 players
Game mode
Random Map
Map size
Tiny (2 player)
Population
200
Speed
Normal
Resources
Standard
Victory
Conquest
Starting age
Dark Age
Ending age
Imperial Age
RankedLock teamsTeams togetherTeam positionsShared explorationLock speedFull tech treeHidden civsTurbo modeCheats
Victory
Defeat
🇨🇭 Burgundians · Switzerland
1319
+17
🇹🇷 Inca · Türkiye
1348
-17
Lisan al Gaib
5:52 Double-Bit Axe
7:47 Horse Collar
12:30 Feudal Age
16:30 Castle Age
15:44 Bow Saw
16:37 Light Cavalry
19:28 Heavy Plow
20:57 Wheelbarrow
28:02 Imperial Age
25:50 Hand Cart
25:21 Town Watch
25:21 Loom
25:49 Scale Barding Armor
25:54 Forging
25:47 Husbandry
26:18 Gold Mining
26:20 Stone Mining
27:40 Chain Barding Armor
27:30 Forging
26:50 Cavalier
33:34 Plate Barding Armor
33:34 Iron Casting
33:24 Paladin
35:47 Chemistry
35:08 Ballistics
34:28 Treadmill Crane
waLLefps.
11:41 Feudal Age
13:01 Double-Bit Axe
15:17 Castle Age
13:21 Horse Collar
15:34 Scale Mail Armor
15:45 Forging
16:10 Bow Saw
16:03 Heavy Plow
17:52 Chain Mail Armor
19:22 Gold Mining
19:06 Champi Runner
19:47 Squires
19:33 Arson
20:24 Iron Casting
19:46 Loom
20:39 Champi Warrior
25:53 Wheelbarrow
26:39 Loom
28:43 Town Watch
28:25 Pikeman
33:19 Hand Cart
Connection lost

Rejoining the realm…

Still unreachable

The connection could not be restored.

Session expired

The server has moved on; the page needs a fresh start.